 Dungeon Crawl Stone Soup version 0.23-a0-484-g29ba69c (webtiles) character file.

298 galech the Covered (level 6, -5/47 HPs)
             Began as a Demonspawn Fighter on Nov 30, 2018.
             Was an Initiate of Okawaru.
             Killed from afar by Eustachio (7 damage)
             ... with a wand of flame (10)
             ... on level 4 of the Dungeon.
             The game lasted 00:04:18 (4307 turns).

galech the Covered (Demonspawn Fighter)             Turns: 4307, Time: 00:04:19

Health: -5/47      AC:  7    Str: 21    XL:     6   Next: 13%
Magic:  6/6        EV:  8    Int:  9    God:    Okawaru [......]
Gold:   220        SH: 10    Dex: 15    Spells: 5/5 levels left

rFire    . . .     SeeInvis .   a - +0 war axe
rCold    + . .     Gourm    .   c - +0 shield
rNeg     . . .     Faith    .   u - +0 scale mail (curse)
rPois    .         Spirit   .   (helmet restricted)
rElec    .         Reflect  .   (no cloak)
rCorr    .         Harm     .   (no gloves)
MR       .....                  (no boots)
Stlth    ..........             (no amulet)
HPRegen  0.15/turn              k - ring of protection from cold
MPRegen  0.10/turn              (no ring)

@: mighty, hasted, very quick
A: antennae 1
a: Renounce Religion


You were on level 4 of the Dungeon.
You worshipped Okawaru.
Okawaru was noncommittal.
You were not hungry.

You visited 2 branches of the dungeon, and saw 5 of its levels.

You collected 220 gold pieces.

Inventory:

Hand Weapons
 a - a +0 war axe (weapon)
Armour
 c - a +0 shield (worn)
 p - a +0 chain mail
 u - a cursed +0 scale mail (worn)
Jewellery
 k - a ring of protection from cold (left hand)
Wands
 t - a wand of polymorph (5)
Scrolls
 b - a scroll of random uselessness {unknown}
 e - a scroll of magic mapping {unknown}
 h - 2 scrolls of amnesia {unknown}
 i - 2 scrolls of enchant armour {unknown}
 j - 2 scrolls of enchant weapon {unknown}
 l - 3 scrolls of teleportation {unknown}
 n - 4 scrolls of identify {unknown}
 o - 6 scrolls of remove curse {unknown}
Potions
 g - a potion of curing {unknown}
 q - a potion of lignification {unknown}
 r - a potion of cancellation {unknown}
Comestibles
 f - 4 rations


   Skills:
 + Level 3.6 Fighting
 + Level 3.5 Axes
 + Level 4.0 Armour
 + Level 1.1 Dodging
 + Level 3.8 Shields


You had 5 spell levels left.
You didn't know any spells.
Your spell library was empty.

Dungeon Overview and Level Annotations

Branches:
Dungeon (4/15)             Temple (1/1) D:4

Altars:
Elyvilon
Gozag
Hepliaklqana
Kikubaaqudgha
Nemelex Xobeh
Okawaru
Sif Muna
Uskayaw
Xom
Yredelemnul

Annotations:
D:4 Eustachio


Innate Abilities, Weirdness & Mutations

You have a pair of small antennae on your head.


Message History

You hit the white imp. You barely miss the shadow imp.
You block the white imp's attack. The shadow imp hits you.
* * * LOW HITPOINT WARNING * * *
Eustachio zaps a wand.
The puff of flame misses you.
You barely miss Eustachio.
Eustachio is severely wounded.
You hit the white imp. You slash the shadow imp!
You kill the shadow imp!
The white imp hits you but does no damage.
You miss Eustachio.
Eustachio is severely wounded.
You closely miss the white imp.
Eustachio casts a spell.
Eustachio blinks!
The white imp hits you.
* * * LOW HITPOINT WARNING * * *
The white imp freezes you. You resist.
* * * LOW HITPOINT WARNING * * *
The white imp disappears in a puff of smoke!
Eustachio zaps a wand.
The puff of flame hits you!
You die...

#............# ###########
#............# #..........
#............# #..........
#............#####...^......
######..........>.##.............
..................##.##.....<....
.....##..........###'###[........
.....@........@..#.....#.........
.....##.........@#.###.#.........
...(.##########.ยง'.'>#.+.........
..55.# #.##.###.#......... .....#
#.##.....#......... ......
#.####+###......... @5.... #.#
..######'# ....... #.#
##########[# ....... #.#
.......)<).# ........ #.#
############


You could see Eustachio.

Vanquished Creatures
  An orc warrior (D:4)
  An orc priest (D:4)
  An orc wizard (D:3)
  A worker ant (D:4)
  A howler monkey skeleton (D:4)
  3 adders
  5 worms
  A leopard gecko (D:1)
  10 orcs
  2 giant cockroaches (D:1)
  7 goblins
  7 hobgoblins
  9 kobolds
  2 ball pythons (D:3)
  8 bats
  3 frilled lizards
  8 rats
70 creatures vanquished.

Notes
Turn   | Place    | Note
-------+----------+-------------------------------------------
     0 | D:1      | galech the Demonspawn Fighter began the quest for the Orb.
     0 | D:1      | Reached XP level 1. HP: 18/18 MP: 1/1
   196 | D:1      | Gained mutation: You have a pair of small antennae on your
                  | head. [demonic ancestry]
   196 | D:1      | Reached XP level 2. HP: 24/24 MP: 2/2
   643 | D:2      | Reached XP level 3. HP: 16/29 MP: 3/3
   649 | D:2      | Reached skill level 3 in Armour
  1373 | D:3      | Reached XP level 4. HP: 30/35 MP: 4/4
  2312 | D:4      | Reached skill level 1 in Dodging
  2472 | D:3      | Reached XP level 5. HP: 34/41 MP: 5/5
  2567 | D:3      | Found a deep blue altar of Sif Muna.
  2867 | D:4      | HP: 2/41 [worker ant (5)]
  3175 | D:4      | Noticed an orc warrior
  3422 | D:4      | Killed an orc warrior
  3422 | D:4      | Reached skill level 4 in Armour
  3422 | D:4      | Reached XP level 6. HP: 13/47 MP: 6/6
  3797 | D:4      | Found a staircase to the Ecumenical Temple.
  3810 | Temple   | Entered the Ecumenical Temple
  3879 | Temple   | Became a worshipper of Warmaster Okawaru
  3954 | D:4      | Noticed Eustachio
  3989 | D:4      | HP: 2/47 [bat[Eustachio] (1)]
  4306 | D:4      | HP: 2/47 [white imp[Eustachio] (1)]
  4307 | D:4      | Killed from afar by Eustachio

Vault maps used:
D:1:      minmay_arrival_arboretum_small, minmay_box_of_dots
D:2:      grunt_decor_one_mirror
D:3:      st_stairs_12, tgw_sif
D:4:      minmay_temple_entry_glassed_door, serial_shops,
          nicolae_shop_behind_doors, uniq_edmund, uniq_eustachio
Temple:   dpeg_five_rooms_temple

Skill      XL: |  1  2  3  4  5 |
---------------+----------------+-----
Shields        | 3 |  3.8
Axes           | 2 3 |  3.5
Armour         | 3 4 |  4.0
Dodging        | 1 |  1.1
Fighting       | |  3.6

Action                   |  1- 3 |  4- 6 || total
-------------------------+-------+-------++-------
Melee: War axe           |   152 |   143 ||   295
  Use: Potion            |       |     3 ||     3
  Eat: Chunk             |     1 |     5 ||     6
       Ration            |       |     2 ||     2
Armor: Scale mail        |    77 |    58 ||   135
       Chain mail        |       |    10 ||    10
Dodge: Dodged            |    35 |    57 ||    92
Block: Shield            |    90 |    98 ||   188

Table legend:
 A = Non-vault XP
 B = Vault XP
 C = Vault XP percentage of total XP
 D = Non-vault monster count
 E = Vault monster count
 F = Vault count percentage of total count
                 A         B        C        D         E       F
            +---------+---------+-------+---------+---------+-------
      Total |     419 |       7 |   1.6 |      65 |       5 |   7.1
            +---------+---------+-------+---------+---------+-------
        D:1 |      18 |       5 |  21.7 |      11 |       3 |  21.4
        D:2 |      71 |       0 |   0.0 |      22 |       0 |   0.0
        D:3 |      92 |       2 |   2.1 |      21 |       2 |   8.7
        D:4 |     238 |       0 |   0.0 |      11 |       0 |   0.0
            +---------+---------+-------+---------+---------+-------
